 Dungeon Crawl Stone Soup version 0.21.1-1-g345015fe64 (webtiles) character file.

164 Oravi the Slinger (level 5, -5/35 HPs)
             Began as a Halfling Hunter on Apr 18, 2018.
             Slain by a killer bee (7 damage)
             ... on level 2 of the Dungeon.
             The game lasted 00:02:38 (732 turns).

Oravi the Slinger (Halfling Hunter)                  Turns: 732, Time: 00:02:38

Health: -5/35      AC:  4    Str: 12 (13) XL:     5   Next: 73%
Magic:  5/5        EV: 15    Int:  8 (9)  God:
Gold:   46         SH:  0    Dex: 16      Spells: 4/4 levels left

rFire    . . .     SeeInvis .   a - +1 hunting sling
rCold    . . .     Gourm    .   (shield restricted)
rNeg     . . .     Faith    .   c - +0 leather armour
rPois    .         Spirit   .   (no helmet)
rElec    .         Reflect  .   (no cloak)
rCorr    .         Harm     .   (no gloves)
MR       .....                  l - +0 pair of boots
Stlth    ++........             (no amulet)
HPRegen  0.11/turn              (no ring)
MPRegen  0.09/turn              (no ring)

@: lethally poisoned (-5 -> -24)
A: small, mutation resistance 1
a: no special abilities


You were on level 2 of the Dungeon.
You were not hungry.

You visited 1 branch of the dungeon, and saw 2 of its levels.

You collected 46 gold pieces.

Inventory:

Hand Weapons
 a - a +1 hunting sling (weapon)
 b - a +0 short sword
Missiles
 d - 16 sling bullets
 j - 75 stones (quivered)
Armour
 c - a +0 leather armour (worn)
 l - a +0 pair of boots (worn)
Jewellery
 e - a cursed ring of loudness {unknown}
 h - an uncursed amulet of guardian spirit {unknown}
 n - an uncursed ring of fire {unknown}
Scrolls
 k - 2 scrolls of identify {unknown}
 m - 2 scrolls of teleportation {unknown}
 p - 2 scrolls of remove curse {unknown}
 q - a scroll of blinking {unknown}
 r - a scroll of enchant armour {unknown}
Potions
 o - a potion of degeneration
Comestibles
 f - 4 rations
 g - 4 chunks of flesh


   Skills:
 + Level 2.3 Fighting
 * Level 2.2 Short Blades
 + Level 8.3 Slings
 + Level 0.7 Armour
 + Level 2.4 Dodging
 - Level 1.1 Stealth


You had 4 spell levels left.
You didn't know any spells.

Dungeon Overview and Level Annotations

Branches:
Dungeon (2/15)

Altars:


Innate Abilities, Weirdness & Mutations

You are small and have problems with some larger weapons.
You are somewhat resistant to further mutation.


Message History

You feel sick. The killer bee completely misses you.
The killer bee closely misses you. The killer bee stings you.
Firing (i - inventory. (,) - cycle):
j - 77 stones (quivered)
Press: ? - help, Shift-Dir - straight line, f/p - killer bee
Aim: a killer bee (lightly wounded)
You shoot a stone. The stone hits the killer bee!
The killer bee is heavily wounded.
You feel sick.
The killer bee stings you but does no damage.
The killer bee closely misses you. The killer bee stings you!
* * * LOW HITPOINT WARNING * * *
Firing (i - inventory. (,) - cycle):
j - 76 stones (quivered)
Press: ? - help, Shift-Dir - straight line, f/p - killer bee
Aim: a killer bee (heavily wounded)
You shoot a stone.
The stone hits the killer bee but does no damage.
The killer bee is heavily wounded.
* * * LOW HITPOINT WARNING * * *
You feel sick. The killer bee stings you!
You die...

# #.. .( #.#..# y#
.. ..(. .# .. .#
...#.# . .. .# #...
..#######.#
#..######.##... ..#
##(.((..#.##.###..#
#...###y#....<....#
#.#.##.y@...#....##
...#.#..........###
#.####.#....[.....#
# #.#........#)#
#.#........#.#
..#........#.#
.##..........#
############


You could see 2 killer bees.

Vanquished Creatures
  3 killer bees (D:2)
  A dart slug (D:1)
  A leopard gecko (D:1)
  7 bats (D:1)
  7 goblins
  4 hobgoblins (D:1)
  4 kobolds (D:1)
  4 frilled lizards
  A rat (D:1)
32 creatures vanquished.

Vanquished Creatures (others)
  4 toadstools (D:1)
4 creatures vanquished.

Grand Total: 36 creatures vanquished

Notes
Turn   | Place    | Note
-------+----------+-------------------------------------------
     0 | D:1      | Oravi the Halfling Hunter began the quest for the Orb.
     0 | D:1      | Reached XP level 1. HP: 14/14 MP: 1/1
     8 | D:1      | Reached skill level 6 in Slings
    23 | D:1      | Reached XP level 2. HP: 19/19 MP: 2/2
   214 | D:1      | Reached skill level 1 in Short Blades
   214 | D:1      | Reached XP level 3. HP: 24/24 MP: 3/3
   694 | D:2      | Noticed a killer bee
   696 | D:2      | Noticed a killer bee
   696 | D:2      | Noticed a killer bee
   696 | D:2      | Noticed a killer bee
   698 | D:2      | Noticed a killer bee
   706 | D:2      | Killed a killer bee
   706 | D:2      | Reached skill level 7 in Slings
   706 | D:2      | Reached XP level 4. HP: 27/29 MP: 4/4
   715 | D:2      | Reached XP level 5. HP: 26/34 MP: 5/5
   721 | D:2      | Reached skill level 8 in Slings
   732 | D:2      | Slain by a killer bee

Skill      XL: |  1  2  3  4  5 |
---------------+----------------+-----
Slings         | 6 7 8 |  8.3
Short Blades   | 1 2 |  2.2
Fighting       | 2 |  2.3
Armour         | |  0.7
Dodging        | |  2.4
Stealth        | |  1.1

Action                   |  1- 3 |  4- 6 || total
-------------------------+-------+-------++-------
 Fire: Hunting sling     |    92 |    20 ||   112
  Use: Potion            |       |     4 ||     4
Armor: Leather armour    |    10 |     2 ||    12
Dodge: Dodged            |    31 |    26 ||    57
